 Dungeon Crawl Stone Soup version 0.16-a0-3338-g714714c (webtiles) character file.

64 celem the Conjurer (level 3, -3/19 HPs)
             Began as a Deep Elf Conjurer on Dec 28, 2014.
             Slain by Natasha (4 damage)
             ... on level 3 of the Dungeon.
             The game lasted 00:05:32 (1562 turns).

celem the Conjurer (Deep Elf Conjurer)              Turns: 1562, Time: 00:05:32

Health: -3/19      AC:  2    Str:  6    XL:     3   Next: 91%
Magic:  8/10       EV: 13    Int: 19    God:
Gold:   130        SH:  0    Dex: 15    Spells: 1 memorised, 7 levels left

rFire  . . .     SeeInvis .     p - +0 whip (venom)
rCold  . . .     Clarity  .     d - +0 robe (curse)
rNeg   . . .     SustAb   .     (no shield)
rPois  .         Gourm    .     (no helmet)
rElec  .         Spirit   .     (no cloak)
rCorr  .         Warding  .     (no gloves)
rMut   .         Stasis   .     (no boots)
MR     .....                    (no amulet)
Stlth  ++........               (no ring)
                                (no ring)

@: not resistant to hostile enchantments, unstealthy
A: no striking features
a: no special abilities


You were on level 3 of the Dungeon.
You were not hungry.

You visited 1 branch of the dungeon, and saw 3 of its levels.

You collected 130 gold pieces.

Inventory:

Hand weapons
 e - a +0 club
 f - a +2 whip of draining
 p - a +0 whip of venom (weapon)
Armour
 a - a +0 robe
 d - a cursed +0 robe (worn)
 o - a +0 shield
Jewellery
 i - an uncursed ring of sustain abilities {unknown}
Scrolls
 g - a scroll of teleportation {unknown}
 j - 2 scrolls of amnesia {unknown}
 k - a scroll of remove curse {unknown}
 m - a scroll of random uselessness {unknown}
 n - 2 scrolls of identify {unknown}
 q - a scroll of enchant weapon {unknown}
Potions
 h - a potion of restore abilities {unknown}
 l - a potion of resistance {unknown}
Books
 c - a book of Conjurations

   Spells                             Type                      Level
   a - Magic Dart                     Conjuration                  1
   b - Searing Ray                    Conjuration                  2
   c - Dazzling Spray                 Conjuration/Hexes            3
   d - Fulminant Prism                Conjuration/Hexes            4
   e - Iskenderun's Mystic Blast      Conjuration                  4
   f - Iskenderun's Battlesphere      Conjuration/Charms           5
Comestibles
 b - a bread ration
 r - 2 fruits


   Skills:
 - Level 2.4 Dodging
 - Level 2.4 Stealth
 - Level 3.0 Spellcasting
 + Level 6.1 Conjurations


You had 7 spell levels left.
You knew the following spells:

 Your Spells              Type           Power        Failure   Level  Hunger
a - Magic Dart            Conj           ####         1%          1    None


Dungeon Overview and Level Annotations

Branches:
Dungeon (3/15)

Altars:

Annotations:
D:3 Natasha


Message History

You are too injured to fight recklessly!
Sorry, you're not good enough to have a special ability.
Casting: Magic Dart
Confirm with . or Enter, or press ? or * to list all spells.
Aiming: Magic Dart
Press: ? - help, Shift-Dir - straight line, f - Natasha
Aim: Natasha (lightly wounded)
The magic dart hits Natasha.
Natasha is heavily wounded.
Natasha stares at you and mumbles some strange words.
You resist with some effort.
Casting: Magic Dart
Confirm with . or Enter, or press ? or * to list all spells.
Aiming: Magic Dart
Press: ? - help, Shift-Dir - straight line, f/p - Natasha
Aim: Natasha (heavily wounded)
The magic dart hits Natasha.
Natasha is heavily wounded.
Natasha claws you.
You die...

.##...)....... ##
...........###. . #.
.##.####..# #. #..#.
#.# #..# #. #..#.# #.#
#..###. #.....### #.#
#...##. #......#
##.####......
#......###...##.......
#....@.....#.....####.
#....h..###...###.# .
#.............## #.#
#...$..######## #..
#.#.... #### ##.#.
#... #.##


You could see Natasha.

Vanquished Creatures
  An adder (D:2)
  A giant gecko (D:2)
  An ooze (D:2)
  2 giant cockroaches
  6 hobgoblins
  8 kobolds
  A ball python (D:2)
  10 bats
  3 giant newts
  6 goblins
  7 jackals
  A quokka (D:2)
  6 rats
53 creatures vanquished.

Notes
Turn   | Place    | Note
--------------------------------------------------------------
     0 | D:1      | celem, the Deep Elf Conjurer, began the quest for the Orb.
     0 | D:1      | Reached XP level 1. HP: 10/10 MP: 5/5
   204 | D:1      | Reached XP level 2. HP: 10/15 MP: 4/8
   315 | D:1      | Reached skill level 5 in Conjurations
   900 | D:2      | Reached XP level 3. HP: 19/19 MP: 6/10
  1350 | D:2      | Reached skill level 6 in Conjurations
  1554 | D:3      | Noticed Natasha
  1562 | D:3      | Slain by Natasha

Action                   || total
-------------------------++-------
Melee: Club              ||     7
       Whip              ||    72
 Cast: Magic Dart        ||    50
 Stab: Sleeping          ||     3
  Eat: Chunk             ||     2
